 Dungeon Crawl Stone Soup version 0.21.1-1-g345015fe64 (webtiles) character file.

89 Kohma the Shield-Bearer (level 4, 0/39 HPs)
             Began as a Minotaur Fighter on June 23, 2018.
             Slain by a gnoll
             ... wielding a +0 flail
              (8 damage)
             ... on level 2 of the Dungeon.
             The game lasted 00:02:57 (1506 turns).

Kohma the Shield-Bearer (Minotaur Fighter)          Turns: 1506, Time: 00:02:58

Health: 0/39       AC:  6    Str: 20    XL:     4   Next: 31%
Magic:  3/3        EV:  7    Int:  5    God:
Gold:   36         SH: 10    Dex: 11    Spells: 3/3 levels left

rFire    . . .     SeeInvis .   a - +0 flail
rCold    . . .     Gourm    .   c - +0 shield
rNeg     . . .     Faith    .   b - +0 scale mail
rPois    .         Spirit   .   (helmet restricted)
rElec    .         Reflect  .   (no cloak)
rCorr    .         Harm     .   (no gloves)
MR       .....                  (no boots)
Stlth    ..........             (no amulet)
HPRegen  0.13/turn              (no ring)
MPRegen  0.08/turn              (no ring)

@: no status effects
A: retaliatory headbutt, horns 2
a: no special abilities


You were on level 2 of the Dungeon.
You were not hungry.

You visited 1 branch of the dungeon, and saw 2 of its levels.

You collected 36 gold pieces.

Inventory:

Hand Weapons
 a - a +0 flail (weapon)
Armour
 b - a +0 scale mail (worn)
 c - a +0 shield (worn)
Jewellery
 j - an uncursed ring of stealth {unknown}
 n - an uncursed ring of magical power {unknown}
Scrolls
 e - 2 scrolls of enchant armour {unknown}
 g - a scroll of fog {unknown}
 h - 3 scrolls of identify {unknown}
 o - a scroll of teleportation {unknown}
 p - a scroll of magic mapping {unknown}
Potions
 d - a potion of might
 i - a potion of brilliance {unknown}
 k - a potion of flight {unknown}
 l - a potion of agility {unknown}
Comestibles
 f - 9 rations
 m - 6 chunks of flesh


   Skills:
 - Level 3.6 Fighting
 * Level 4.3 Maces & Flails
 - Level 3.6 Armour
 * Level 5.1 Shields


You had 3 spell levels left.
You didn't know any spells.

Dungeon Overview and Level Annotations

Branches:
Dungeon (2/15)

Altars:


Innate Abilities, Weirdness & Mutations

You reflexively headbutt those who attack you in melee.
You have a pair of horns on your head.


Message History

The gnoll is almost dead.
The gnoll hits you with a spear. The gnoll hits you with a flail.
Your scale mail prevents you from hitting the gnoll.
The gnoll is almost dead.
You block the gnoll's attack. The gnoll hits you with a flail!
You sock the gnoll!
You kill the gnoll!
Your Shields skill increases to level 5!
You block the gnoll's attack.
You sock the gnoll! You headbutt the gnoll.
The gnoll is severely wounded.
The gnoll hits you with a flail.
You hit the gnoll but do no damage.
The gnoll is severely wounded.
The gnoll hits you with a flail!
* * * LOW HITPOINT WARNING * * *
You sock the gnoll!
You kill the gnoll!
The gnoll hits you with a flail!
You die...

.........................
#########################
###############
......).......#
#############.# # #.####
# . #....# # .[..######@#
# .......(Sg)# #
.......##### # S......
#.. # ....... #.####### #
..gg....#......<# #
....###.#.#.##### # #+##
#.....# #. #.# ###.#####


You could see a gnoll and an adder.

Vanquished Creatures
  An adder (D:2)
  4 gnolls
  An ooze (D:1)
  2 dart slugs
  2 leopard geckos (D:2)
  A bat (D:1)
  5 goblins
  5 hobgoblins
  3 jackals (D:1)
  2 frilled lizards (D:2)
  5 kobolds (D:1)
31 creatures vanquished.

Notes
Turn   | Place    | Note
-------+----------+-------------------------------------------
     0 | D:1      | Kohma the Minotaur Fighter began the quest for the Orb.
     0 | D:1      | Reached XP level 1. HP: 19/19 MP: 0/0
   111 | D:1      | Reached skill level 4 in Shields
   111 | D:1      | Reached XP level 2. HP: 26/26 MP: 1/1
   903 | D:1      | Reached XP level 3. HP: 31/31 MP: 2/2
  1497 | D:2      | Reached XP level 4. HP: 39/39 MP: 3/3
  1503 | D:2      | Reached skill level 5 in Shields
  1506 | D:2      | Slain by a gnoll

Skill      XL: |  1  2  3  4 |
---------------+-------------+-----
Shields        | 4 5 |  5.1
Maces & Flails | 3 4 |  4.3
Fighting       | |  3.6
Armour         | |  3.6

Action                   |  1- 3 |  4- 6 || total
-------------------------+-------+-------++-------
Melee: Flail             |    79 |     8 ||    87
       Headbutt          |    10 |     3 ||    13
  Eat: Chunk             |     2 |       ||     2
Armor: Scale mail        |    29 |       ||    29
Dodge: Dodged            |    24 |     1 ||    25
Block: Shield            |    47 |     6 ||    53
